 Dungeon Crawl Stone Soup version 0.30.0-29-ga12c61a403 (webtiles) character file.

Game seed: 10932981795077384760

133 MacCMillion the Chiller (level 5, -1/37 HPs)
             Began as a Gnoll Ice Elementalist on June 12, 2023.
             Slain by Grinder (8 damage)
             ... on level 3 of the Dungeon.
             The game lasted 00:06:03 (2390 turns).

MacCMillion the Chiller (Gnoll Ice Elementalist)    Turns: 2390, Time: 00:06:04

Health: -1/37      AC:  9    Str:  7    XL:     5   Next: 16%
Magic:  7/12       EV: 13    Int: 17    God:
Gold:   80         SH:  0    Dex: 12    Spells: 7/14 levels left

rFire   . . .        l - +0 sling
rCold   . . .        (no shield)
rNeg    . . .        a - +0 robe
rPois   .            (no helmet)
rElec   .            (no cloak)
rCorr   .            (no gloves)
SInv    .            (no boots)
Will    .....        (no amulet)
Stlth   +++          (no ring)
HPRegen 0.26/turn    (no ring)
MPRegen 0.13/turn

%: no passive effects
@: ice-armoured
A: fangs 1, strong nose, distributed training
a: no special abilities


You were on level 3 of the Dungeon.
You visited 1 branch of the dungeon, and saw 3 of its levels.

You collected 80 gold pieces.

Inventory:

Hand Weapons
 d - a +0 dagger
 l - a +0 sling (weapon)
Armour
 a - a +0 robe (worn)
 c - a +2 ring mail of cold resistance
 v - the +0 leather armour "Otiymad" {*Corrode rPois Int+3}
   (You found it on level 3 of the Dungeon)

   Int:       It affects your intelligence (+3).
   rPois:     It protects you from poison.
   *Corrode:  It may corrode you when you take damage.
Jewellery
 j - a ring of resist corrosion
 k - a +4 ring of protection
Scrolls
 e - a scroll of fog {unknown}
 f - a scroll of teleportation {unknown}
 g - a scroll of amnesia {unknown}
 i - 2 scrolls of noise {unknown}
 m - a scroll of fear {unknown}
 q - 2 scrolls of enchant armour {unknown}
 r - a scroll of identify {unknown}
 s - a scroll of poison {unknown}
 u - a scroll of immolation {unknown}
Potions
 b - a potion of magic
 h - a potion of mutation {unknown}
 n - a potion of cancellation {unknown}
 o - a potion of attraction {unknown}
 p - a potion of haste {unknown}
 t - a potion of heal wounds {unknown}


   Skills:
 + Level 1.4 Fighting
 + Level 1.4 Short Blades
 + Level 1.4 Long Blades
 + Level 1.4 Axes
 + Level 1.4 Maces & Flails
 + Level 1.4 Polearms
 + Level 1.4 Staves
 + Level 1.4 Ranged Weapons
 + Level 1.4 Throwing
 + Level 1.4 Armour
 + Level 4.7 Dodging
 + Level 4.4 Stealth
 + Level 1.4 Shields
 + Level 1.4 Unarmed Combat
 + Level 5.2 Spellcasting
 + Level 1.1 Conjurations
 + Level 1.1 Hexes
 + Level 1.1 Summonings
 + Level 1.1 Necromancy
 + Level 1.1 Translocations
 + Level 1.1 Transmutations
 + Level 1.1 Fire Magic
 + Level 7.2 Ice Magic
 + Level 1.1 Air Magic
 + Level 1.1 Earth Magic
 + Level 1.1 Poison Magic
 + Level 1.6 Invocations
 + Level 1.4 Evocations


You had 7 spell levels left.
You knew the following spells:

 Your Spells              Type           Power      Damage    Failure   Level
a - Freeze                Ice            100%       1d10      1%          1
b - Frozen Ramparts       Ice            56%        1d9       2%          3
c - Ozocubu's Armour      Ice            28%        N/A       2%          3

Your spell library contained the following spells:

 Spells                   Type           Power      Damage    Failure   Level
 Summon Ice Beast         Ice/Summ       18%        N/A       26%         4


Dungeon Overview and Level Annotations

Branches:
Dungeon (3/15)

Altars:

Annotations:
D:2 Sigmund
D:3 Grinder


Innate Abilities, Weirdness & Mutations

You have very sharp teeth.
Your uncanny sense of smell can sniff out nearby items.
Your experience applies equally to all skills.


Message History

Grinder gestures at you.
You suddenly lose the ability to move!
Grinder resists.
The wall freezes Grinder.
Grinder hits you but does no damage.
Grinder resists.
The wall freezes Grinder.
Grinder hits you.
You writhe in agony.
Grinder resists.
The wall freezes Grinder.
Grinder hits you but does no damage.
You can move again.
Unknown command.
Fire: l) +0 sling
Press: ? - help, Q - select action, (/) - cycle Shift-Dir - straight line, f/p - Grinder
Aim: Grinder (moderately wounded, strong, 47% to hit)
You shoot a sling bullet. The sling bullet barely misses Grinder.
Grinder completely resists.
The wall freezes Grinder but does no damage.
Grinder hits you!
* * * LOW HITPOINT WARNING * * *
You writhe in agony.
* * * LOW HITPOINT WARNING * * *
Fire: l) +0 sling
Press: ? - help, Q - select action, (/) - cycle Shift-Dir - straight line, f/p - Grinder
Aim: Grinder (moderately wounded, strong, 47% to hit)
Okay, then.
Okay, then.
You are too injured to fight recklessly!
You are too injured to fight recklessly!
Fire: l) +0 sling
Press: ? - help, Q - select action, (/) - cycle Shift-Dir - straight line, f/p - Grinder
Aim: Grinder (moderately wounded, strong, 47% to hit)
You shoot a sling bullet.
The sling bullet closely misses Grinder.
Grinder completely resists.
The wall freezes Grinder but does no damage.
Grinder hits you but does no damage.
Fire: l) +0 sling
Press: ? - help, Q - select action, (/) - cycle Shift-Dir - straight line, f/p - Grinder
Aim: Grinder (moderately wounded, strong, 47% to hit)
You shoot a sling bullet.
The sling bullet closely misses Grinder.
The frozen ramparts melt away.
Grinder misses you. Grinder hits you!
You die...

#.......##.#...#
##..........
#..........#...#
##.....)...
######.#########
#......... #.......#
#......... #.......#
#.........
#.......########.........
#............)..)........
#................##.#####
#.......@5.......##.#
#.......###########.#
#.......# #5# #.......#
#.# #.......# #.#####
#######....(..# #...†..
#.............# #######
#.............#
#..........#### .#####


You could see Grinder (strong).

Vanquished Creatures
  An orc wizard (D:3)
  Robin (D:3)
  3 adders (D:3)
  A worm (D:2)
  A dart slug (D:2)
  4 orcs (D:3)
  3 bats
  3 endoplasms (D:2)
  13 goblins
  7 hobgoblins
  4 jackals (D:1)
  A quokka (D:1)
  5 ball pythons
  A frilled lizard (D:1)
  6 kobolds
  6 rats
60 creatures vanquished.

Notes
Turn   | Place    | Note
-------+----------+-------------------------------------------
     0 | D:1      | MacCMillion the Gnoll Ice Elementalist began the quest for
                  | the Orb.
     0 | D:1      | Reached XP level 1. HP: 13/13 MP: 6/6
   168 | D:1      | Reached XP level 2. HP: 19/19 MP: 5/7
   928 | D:2      | Reached skill level 5 in Spellcasting
   928 | D:2      | Reached XP level 3. HP: 25/25 MP: 5/9
   932 | D:2      | Learned a level 3 spell: Frozen Ramparts
   936 | D:2      | Learned a level 3 spell: Ozocubu's Armour
  1108 | D:2      | Reached skill level 1 in Invocations
  1349 | D:2      | Noticed Sigmund
  1760 | D:3      | Reached skill level 1 in Fighting
  1760 | D:3      | Reached skill level 1 in Short Blades
  1760 | D:3      | Reached skill level 1 in Long Blades
  1760 | D:3      | Reached skill level 1 in Axes
  1760 | D:3      | Reached skill level 1 in Maces & Flails
  1760 | D:3      | Reached skill level 1 in Polearms
  1760 | D:3      | Reached skill level 1 in Staves
  1760 | D:3      | Reached skill level 1 in Ranged Weapons
  1760 | D:3      | Reached skill level 1 in Throwing
  1760 | D:3      | Reached skill level 1 in Armour
  1760 | D:3      | Reached skill level 1 in Shields
  1760 | D:3      | Reached skill level 1 in Unarmed Combat
  1760 | D:3      | Reached skill level 1 in Evocations
  1770 | D:3      | Noticed Robin
  1795 | D:3      | Killed Robin
  1796 | D:3      | Reached XP level 4. HP: 32/32 MP: 1/11
  1989 | D:3      | Reached skill level 1 in Conjurations
  1989 | D:3      | Reached skill level 1 in Hexes
  1989 | D:3      | Reached skill level 1 in Summonings
  1989 | D:3      | Reached skill level 1 in Necromancy
  1989 | D:3      | Reached skill level 1 in Translocations
  1989 | D:3      | Reached skill level 1 in Transmutations
  1989 | D:3      | Reached skill level 1 in Fire Magic
  1989 | D:3      | Reached skill level 1 in Air Magic
  1989 | D:3      | Reached skill level 1 in Earth Magic
  1989 | D:3      | Reached skill level 1 in Poison Magic
  2110 | D:3      | Reached XP level 5. HP: 37/37 MP: 8/12
  2313 | D:3      | Identified the +0 leather armour "Otiymad" {*Corrode rPois
                  | Int+3}
  2328 | D:3      | Noticed Grinder
  2337 | D:3      | Paralysed by Grinder for 2 turns
  2365 | D:3      | Paralysed by Grinder for 4 turns
  2385 | D:3      | Paralysed by Grinder for 3 turns
  2390 | D:3      | Slain by Grinder

Illustrated notes

Levels and vault maps discovered:
D:1:      psy_arrival_basics, layout_rooms
D:2:      layout_loops_ring, nicolae_elevator_lobby_plus, uniq_sigmund
D:3:      layout_basic, overflow_temple_1_default, uniq_grinder, uniq_natasha,
          uniq_robin

Skill      XL: |  1  2  3  4 |
---------------+-------------+-----
Spellcasting   | 5 |  5.2
Invocations    | 1 |  1.6
Fighting       | 1 |  1.4
Short Blades   | 1 |  1.4
Long Blades    | 1 |  1.4
Axes           | 1 |  1.4
Maces & Flails | 1 |  1.4
Polearms       | 1 |  1.4
Staves         | 1 |  1.4
Ranged Weapons | 1 |  1.4
Throwing       | 1 |  1.4
Armour         | 1 |  1.4
Shields        | 1 |  1.4
Unarmed Combat | 1 |  1.4
Evocations     | 1 |  1.4
Conjurations   | 1 |  1.1
Hexes          | 1 |  1.1
Summonings     | 1 |  1.1
Necromancy     | 1 |  1.1
Translocations | 1 |  1.1
Transmutations | 1 |  1.1
Fire Magic     | 1 |  1.1
Air Magic      | 1 |  1.1
Earth Magic    | 1 |  1.1
Poison Magic   | 1 |  1.1
Dodging        | |  4.7
Stealth        | |  4.4
Ice Magic      | |  7.2

Action                     |  1- 3 |  4- 6 || total
---------------------------+-------+-------++-------
  Melee: Dagger            |     2 |     7 ||     9
         Bite              |     1 |       ||     1
   Fire: Sling             |    47 |    23 ||    70
   Cast: Freeze            |    40 |     2 ||    42
         Frozen Ramparts   |     1 |     5 ||     6
         Ozocubu's Armour  |     1 |     1 ||     2
 Armour: Robe              |     2 |     3 ||     5
  Dodge: Dodged            |    23 |    16 ||    39
